 Dungeon Crawl Stone Soup version 0.30-a0-930-gb9d0489357 (webtiles) character file.

Game seed: 9977420160629349106

4553 retardedninja the Protected (level 10, -4/83 HPs)
             Began as an Armataur Fighter on Mar 23, 2023.
             Was a Believer of Hepliaklqana.
             Slain by a death yak (14 damage)
             ... on level 9 of the Dungeon.
             The game lasted 00:09:35 (9440 turns).

retardedninja the Protected (Armataur Fighter)      Turns: 9440, Time: 00:09:36

Health: -4/83      AC: 14    Str: 27    XL:     10   Next: 17%
Magic:  10/10      EV:  6    Int:  8    God:    Hepliaklqana [**....]
Gold:   322        SH:  5    Dex:  9    Spells: 9/9 levels left

rFire   . . .      SeeInvis .    h - +4 broad axe (flame)
rCold   . . .      Faith    .    c - +0 buckler
rNeg    . . .      Spirit   .    k - +3 chain mail {rPois}
rPois   +          Reflect  .    t - +0 helmet
rElec   .          Roll     +    (no cloak)
rCorr   .                        (no gloves)
Will    .....                    (no barding) Stlth
                                 (no amulet)
HPRegen 0.33/turn                (no ring)
MPRegen 0.12/turn                (no ring)

@: mighty, invisible
A: reduced essence, large, rugged brown scales 3, deformed body, armoured tail,
roll, long tongue, awkward tongue
a: Renounce Religion, Recall Ancestor, Ancestor Identity


You were on level 9 of the Dungeon.
You worshipped Hepliaklqana.
Hepliaklqana was pleased with you.
You visited 2 branches of the dungeon, and saw 10 of its levels.

You collected 322 gold pieces.

Inventory:

Hand Weapons
 h - a +4 broad axe of flaming (weapon)
Armour
 c - a +0 buckler (worn)
 k - a +3 chain mail of poison resistance (worn)
 t - a +0 helmet (worn)
Jewellery
 x - a ring of ice
Wands
 i - a wand of roots (1)
 j - a wand of digging (6)
 n - a wand of charming (7)
 p - a wand of flame (22)
Scrolls
 f - 3 scrolls of enchant weapon {unknown}
 g - 3 scrolls of enchant armour {unknown}
 l - 2 scrolls of fog
 r - 5 scrolls of teleportation
 s - a scroll of immolation {unknown}
 v - 2 scrolls of fear {unknown}
Potions
 a - a potion of curing
 b - a potion of brilliance
 d - a potion of flight
 e - 2 potions of heal wounds
 o - 2 potions of mutation {unknown}
 q - 3 potions of berserk rage {unknown}
 u - a potion of attraction {unknown}
 w - a potion of might


   Skills:
 + Level 7.3 Fighting
 + Level 6.4 Axes
 + Level 9.7 Armour
 + Level 8.8 Shields


You had 9 spell levels left.
You didn't know any spells.
Your spell library contained the following spells:

 Spells                   Type           Power      Damage    Failure   Level
 Magic Dart               Conj           0%         1d3       93%         1
 Call Imp                 Summ           0%         N/A       98%         2
 Mephitic Cloud           Conj/Pois/Air  0%         N/A       100%        3


Dungeon Overview and Level Annotations

Branches:
Dungeon (9/15)             Temple (1/1) D:7
   Lair: D:8-11         Orc: D:9-12

Altars:
Ashenzari
Cheibriados
Dithmenos
Elyvilon
Fedhas
Gozag
Hepliaklqana
Kikubaaqudgha
Makhleb
Okawaru
Qazlal
Ru
Sif Muna
Trog
Uskayaw
Vehumet
Wu Jian
Xom
Yredelemnul
Zin
The Shining One

Shops:
D:1 =   D:3 (   D:4 :   D:6 =   D:8 ?

Annotations:
D:2 1 runed translucent door, Crazy Yiuf


Innate Abilities, Weirdness & Mutations

Your life essence is reduced to manifest your ancestor. (-10% HP)
You are completely covered in rugged brown scales. (AC +3, +7% HP)
Armour fits poorly on your strangely shaped body.
You have a long armoured tail.
You roll when moving toward enemies. (Rampage)
Your long tongue fully drains potion bottles. (2x potion effects)
Your tongue gives you trouble enunciating. (1.5x scroll delay)


Message History

Unknown command.
You are too injured to fight recklessly!
You fade into invisibility!
You slurp down every last drop of the potion of invisibility!
The death yak gores you! Ælfric hits the death yak with a +0 quarterstaff.
Unknown command.
Aiming: Charm
Press: ? - help, Q - select action, (/) - cycle Shift-Dir - straight line, f - yak
Aim: a yak (unable to see you, chance to affect: 49%)
The death yak resists with almost no effort.
The death yak gores Ælfric!!
The death yak gores you but does no damage. Ælfric hits the death yak with a +0 quarterstaff.
Unknown command.
You feel very mighty all of a sudden.
You slurp down every last drop of the potion of might!
The death yak snorts and paws the ground.
The death yak gores Ælfric!! Ælfric is destroyed!
Unknown command.
The death yak bellows!
You hit the death yak but do no damage. You tail-slap the death yak!!
The death yak is severely wounded.
You barely miss the death yak. The death yak closely misses you.
The death yak snorts and paws the ground.
Unknown command.
You catch the helpless death yak completely off-guard!
You slash the death yak! You burn the death yak.
The death yak is moderately wounded.
You slash the death yak! You burn the death yak. The death yak gores you.
The death yak gores you!
* * * LOW HITPOINT WARNING * * *
Unknown command.
You slash the death yak! You burn the death yak.
The death yak is heavily wounded.
You completely miss the death yak.
You catch the helpless yak completely off-guard!
You slash the yak! You burn the yak. The death yak gores you!
You die...

#....# #....# .
#....# ..
.#####....###...
................
.........Y......
........YYY.....
#....@YY.....
#....####...# .
#....####...#
..####...........
.................
.................
.............###.
.............#
.............#


You could see 5 death yaks and a yak (unable to see you).

Vanquished Creatures
  Pikel (D:7)
  Maggie (D:7)
  Grinder (D:3)
  Eustachio (D:6)
  A steam dragon (D:8)
  Duvessa (D:6)
  4 orc warriors
  A sky beast (D:7)
  3 black bears
  2 ice beasts
  A centaur (D:7)
  An ogre (D:4)
  A lemure (D:7)
  A kobold brigand (D:8)
  A bullfrog (D:8)
  2 scorpions
  5 wights (D:8)
  Dowan (D:6)
  8 killer bees
  A howler monkey (D:5)
  2 hounds
  3 orc priests
  4 jellies
  4 iguanas
  5 sleepcaps
  Ijyb (D:2)
  4 orc wizards
  Robin (D:4)
  A gnoll (D:1)
  3 adders
  An ufetubus (D:4)
  2 dart slugs (D:1)
  20 orcs
  4 endoplasms
  4 giant cockroaches
  15 goblins
  6 hobgoblins
  4 jackals (D:5)
  5 quokkas
  2 ball pythons
  4 bats
  A frilled lizard (D:2)
  8 kobolds
  2 rats
144 creatures vanquished.

Vanquished Creatures (collateral kills)
  2 wyverns (D:9)
  An ice beast (D:7)
  A killer bee (D:7)
  An orc wizard (D:8)
  A kobold (D:8)
6 creatures vanquished.

Vanquished Creatures (others)
  A battlemage (D:9)
  An ancestor (D:7)
2 creatures vanquished.

Grand Total: 152 creatures vanquished

Notes
Turn   | Place    | Note
-------+----------+-------------------------------------------
     0 | D:1      | retardedninja the Armataur Fighter began the quest for the
                  | Orb.
     0 | D:1      | Reached XP level 1. HP: 19/19 MP: 1/1
    85 | D:1      | Reached XP level 2. HP: 15/26 MP: 2/2
   394 | D:1      | Found Isap's Jewellery Boutique.
   397 | D:1      | You fall into a shaft and drop 1 floor!
   453 | D:2      | Reached skill level 4 in Armour
   641 | D:1      | Reached XP level 3. HP: 30/33 MP: 3/3
  1101 | D:2      | Noticed Ijyb
  1135 | D:2      | Killed Ijyb
  1136 | D:2      | Reached XP level 4. HP: 19/40 MP: 4/4
  1413 | D:2      | Found a runed translucent door.
  1414 | D:2      | Noticed Crazy Yiuf
  2019 | D:3      | Found Gogu's Antique Weapon Boutique.
  2222 | D:3      | Noticed Grinder
  2223 | D:3      | Paralysed by Grinder for 4 turns
  2237 | D:3      | Killed Grinder
  2238 | D:3      | Reached skill level 5 in Armour
  2238 | D:3      | Reached XP level 5. HP: 15/49 MP: 5/5
  2238 | D:3      | Reached XP level 6. HP: 17/55 MP: 6/6
  3251 | D:4      | Found Jireud's Self-Improvement Boutique.
  3344 | D:4      | Noticed Robin
  3353 | D:4      | Reached skill level 5 in Shields
  3355 | D:4      | Killed Robin
  4271 | D:4      | Reached XP level 7. HP: 63/63 MP: 7/7
  4399 | D:4      | Identified the staff of conjuration "Netunyiw" {rN+ Int+3}
  4483 | D:4      | Reached skill level 6 in Armour
  5074 | D:5      | Entered Level 5 of the Dungeon
  5588 | D:6      | Reached skill level 5 in Fighting
  5624 | D:6      | Found a shadowy altar of Dithmenos.
  5630 | D:6      | Found an ancient bone altar of Kikubaaqudgha.
  5632 | D:6      | Found a snail-covered altar of Cheibriados.
  5632 | D:6      | Found a hazy altar of Hepliaklqana.
  5632 | D:6      | Found an opulent altar of Gozag.
  5634 | D:6      | Found a basalt altar of Yredelemnul.
  5635 | D:6      | Found an ornate altar of the Wu Jian Council.
  5636 | D:6      | Found a hide-covered altar of Uskayaw.
  5637 | D:6      | Found a bloodstained altar of Trog.
  5643 | D:6      | Became a worshipper of Hepliaklqana the Forgotten
  5670 | D:6      | Reached XP level 8. HP: 69/72 MP: 8/8
  6023 | D:6      | Noticed Duvessa
  6023 | D:6      | Noticed Dowan
  6028 | D:6      | Noticed Eustachio
  6029 | D:6      | Killed Dowan
  6030 | D:6      | Reached skill level 7 in Armour
  6039 | D:6      | Killed Duvessa
  6058 | D:6      | Killed Eustachio
  6437 | D:6      | Found Yqune's Jewellery Boutique.
  6988 | D:7      | Reached skill level 5 in Axes
  7013 | D:7      | Noticed Pikel
  7027 | D:7      | Killed Pikel
  7028 | D:7      | Reached skill level 8 in Armour
  7028 | D:7      | Reached XP level 9. HP: 77/80 MP: 9/9
  7051 | D:7      | Reached * piety under Hepliaklqana
  7121 | D:7      | Found a stormy altar of Qazlal.
  7172 | D:7      | Found a staircase to the Ecumenical Temple.
  7246 | Temple   | Entered the Ecumenical Temple
  7760 | D:7      | Noticed Maggie
  7773 | D:7      | Killed Maggie
  8036 | D:7      | Reached skill level 9 in Armour
  8778 | D:8      | Reached XP level 10. HP: 69/83 MP: 10/10
  8981 | D:8      | Found a shimmering altar of Xom.
  9000 | D:8      | Reached ** piety under Hepliaklqana
  9001 | D:8      | Remembered your ancestor Ælfric as a battlemage
  9058 | D:8      | Found Xoismoni's Magic Scroll Emporium.
  9079 | D:8      | Found a shimmering blue altar of Sif Muna.
  9080 | D:8      | Found an iron altar of Okawaru.
  9081 | D:8      | Found a radiant altar of Vehumet.
  9429 | D:9      | Noticed a death yak
  9429 | D:9      | Noticed a death yak
  9430 | D:9      | Noticed a death yak
  9433 | D:9      | Noticed a death yak
  9434 | D:9      | Noticed a death yak
  9440 | D:9      | Slain by a death yak

Illustrated notes

Levels and vault maps discovered:
D:1:      spicycebolla_green_bress_n_ham_2, layout_basic, serial_shops,
          nicolae_shop_behind_doors
D:2:      kennysheep_the_goblin_king, layout_loops_ring,
          serial_co_window_serial, co_window_corner_a, co_window_corner_a,
          co_window_paths_b, co_window_paths_a, co_window_of_opportunity_a,
          co_window_of_opportunity_b, co_window_2corner,
          co_window_of_opportunity_b, co_window_of_opportunity_c,
          co_window_4corner_b, co_window_paths_e, glass_columns_a,
          glass_columns_b, glass_columns_a, kennysheep_nondescript,
          uniq_crazy_yiuf_cottage
D:3:      layout_loops_ring, serial_shops, shop, uniq_grinder
D:4:      layout_loops_corners, nicolae_shop_self_help, uniq_robin
D:5:      layout_rooms, nrook_mini_backslash, uniq_ijyb
D:6:      layout_basic, minitemple, serial_shops,
          nicolae_shop_competitors_out_of_business, uniq_duvessa, uniq_eustachio
D:7:      layout_basic, lemuel_crystal_altar, lemuel_temple_firewalk_b,
          uniq_pikel, uniq_maggie
D:8:      layout_gridville, xom_teletrap_fun,
          chequers_temple_overflow_statue_of_worship, serial_shops,
          nicolae_shop_waterfront, columned_hall_lemuel, minivault_4
D:9:      layout_small_grid, lemuel_tele_altar, dpeg_lair_monsters, erik_orc_1,
          enter_bailey_4, uniq_joseph
Temple:   hellmonk_temple_two_chambers

Skill      XL: |  1  2  3  4  5  6  7  8  9 |
---------------+----------------------------+-----
Armour         | 4 5 6 8 9 |  9.7
Fighting       | 3 4 5 6 7 |  7.3
Axes           | 2 3 4 5 6 |  6.4
Shields        | 4 5 6 7 8 |  8.8

Action                     |  1- 3 |  4- 6 |  7- 9 | 10-12 || total
---------------------------+-------+-------+-------+-------++-------
  Melee: War axe           |    90 |   105 |   252 |       ||   447
         Tailslap          |     7 |    11 |    28 |     3 ||    49
         Broad axe         |       |       |    35 |    23 ||    58
 Invoke: Ancestor Life: Ba |       |       |       |     1 ||     1
  Evoke: Wand              |       |       |     3 |     1 ||     4
    Use: Potion            |       |     1 |     6 |     2 ||     9
         Scroll            |       |       |     7 |       ||     7
   Stab: Invisible         |       |       |     2 |     2 ||     4
 Armour: Scale mail        |    64 |       |       |       ||    64
         Chain mail        |       |    94 |   236 |    11 ||   341
  Dodge: Dodged            |    38 |    18 |   109 |     9 ||   174
  Block: Buckler           |    16 |    22 |    74 |     6 ||   118

Table legend: (Time is in decaauts)
 A = Elapsed time spent in this place.
 B = Non-inter-level travel time spent in this place.
 C = Inter-level travel time spent in this place.
 D = Time resting spent in this place.
 E = Time spent auto-exploring this place.
 F = Levels seen in this place.
 G = Mean time per level.
                   A        B        C        D        E       F      G
               +--------+--------+--------+--------+--------+-----+--------+
         Total |   9615 |   9408 |    207 |   3202 |   4985 |  10 |  961.5 |
       Dungeon |   9597 |   9394 |    203 |   3202 |   4974 |   9 | 1066.3 |
        Temple |     17 |     13 |      4 |      0 |     11 |   1 |   17.0 |
               +--------+--------+--------+--------+--------+-----+--------+

Top non-repeatable levels by time:
     D:4: 2019 daAuts
     D:7: 1566 daAuts
     D:6: 1464 daAuts
     D:2: 1338 daAuts
     D:3: 1098 daAuts
     D:8: 899 daAuts
     D:1: 708 daAuts
     D:5: 478 daAuts
     D:9: 24 daAuts
  Temple: 17 daAuts
